 Dungeon Crawl Stone Soup version 0.24.0-123-gd5b16e6ec5 (webtiles) character file.

Game seed: 17457391706045041434, levelgen mode: deterministic

2128 Elellon the Basher (level 9, -1/51 HPs)
             Began as a Gargoyle Fighter on Jan 25, 2020.
             Slain by a steam dragon (3 damage)
             ... on level 7 of the Dungeon on Jan 27, 2020.
             The game lasted 00:10:18 (8022 turns).

Elellon the Basher (Gargoyle Fighter)               Turns: 8022, Time: 00:10:19

Health: -1/51      AC: 14    Str: 25    XL:     9   Next: 29%
Magic:  0/9        EV: 11    Int:  9    God:
Gold:   172        SH:  9    Dex:  9    Spells: 8/8 levels left

rFire    . . .     SeeInvis .   a - +0 flail
rCold    . . .     Gourm    .   c - +0 shield
rNeg     + . .     Faith    .   A - +0 scale mail (curse)
rPois    ∞         Spirit   +   B - +0 helmet
rElec    +         Reflect  .   x - scarf {Spirit}
rCorr    .         Harm     .   (no gloves)
MR       .....                  (no boots)
Stlth    ..........             (no amulet)
HPRegen  0.17/turn              k - +4 ring of evasion
MPRegen  0.11/turn              y - +2 ring of strength

@: no status effects
A: negative energy resistance 1, electricity resistance, unbreathing,
petrification resistance, rot immunity, AC +6
a: no special abilities


You were on level 7 of the Dungeon.
You were not hungry.

You visited 1 branch of the dungeon, and saw 7 of its levels.
You also visited: Ossuary.

You collected 308 gold pieces.
You spent 136 gold pieces at shops.

Inventory:

Hand Weapons
 a - a +0 flail (weapon)
Armour
 b - a +0 scale mail
 c - a +0 shield (worn)
 x - a scarf of spirit shield (worn)
 A - a cursed +0 scale mail (worn)
 B - a +0 helmet (worn)
 C - a +0 cloak
 E - the +3 leather armour of the Moneychanger {rN+ Str+6, unknown}
   (You found it on level 6 of the Dungeon)

   It affects your strength (+6).
   It protects you from negative energy.
Jewellery
 k - a +4 ring of evasion (left hand)
 y - a +2 ring of strength (right hand)
 D - an uncursed ring of protection from magic {unknown}
Wands
 g - a wand of flame (7)
 r - a wand of iceblast (7)
 z - a wand of random effects (6)
Scrolls
 e - 4 scrolls of blinking {unknown}
 i - 4 scrolls of fog
 n - a scroll of remove curse
 o - a scroll of noise {unknown}
 p - 5 scrolls of identify
 q - 5 scrolls of enchant weapon {unknown}
 s - 3 scrolls of enchant armour {unknown}
 t - 3 scrolls of teleportation
 F - 4 scrolls of magic mapping
Potions
 d - a potion of might
 h - 3 potions of mutation {unknown}
 j - 9 potions of heal wounds
 l - 3 potions of haste {unknown}
 m - 10 potions of curing {unknown}
 u - 2 potions of flight {unknown}
 v - 2 potions of magic {unknown}
 w - a potion of agility {unknown}
Comestibles
 f - 9 rations
 G - 7 chunks of flesh


   Skills:
 - Level 3.2 Fighting
 + Level 11.9 Maces & Flails
 - Level 3.2 Armour
 - Level 3.2 Shields


You had 8 spell levels left.
You didn't know any spells.
Your spell library contained the following spells:

 Spells                   Type           Power        Failure   Level  Hunger
 Magic Dart               Conj           #...         99%         1    ##.....
 Sandblast                Erth           #.....       99%         1    ##.....
 Passwall                 Tmut/Erth      #.......     100%        2    ###....
 Searing Ray              Conj           #.....       100%        2    ###....
 Dazzling Spray           Conj/Hex       #.....       100%        3    ####...
 Stone Arrow              Conj/Erth      #.....       100%        3    ####...
 Force Lance              Conj/Tloc      #.......     100%        4    #####..
 Fulminant Prism          Conj/Hex       #.........   100%        4    #####..
 Iskenderun's Mystic Bla  Conj           #.......     100%        4    #####..
 Petrify                  Tmut/Erth      #.......     100%        4    #####..
 Lee's Rapid Deconstruct  Erth           #.........   100%        5    ######.


Dungeon Overview and Level Annotations

Branches:
Dungeon (7/15)            Ossuary (visited)
 Temple: D:4-7

Altars:
Qazlal
Vehumet

Shops:
D:7 *

Annotations:
D:7 Prince Ribbit


Innate Abilities, Weirdness & Mutations

You are resistant to torment.
Your stone body is resilient. (AC +6)
You are immune to poison.
You resist negative energy. (rN+)
You are resistant to electric shocks. (rElec)
You can survive without breathing.
You are immune to petrification.
You are immune to rotting.


Message History

The steam dragon is almost dead.
The worker ant barely misses you. You block the steam dragon's attack.
The steam dragon claws you but does no damage.
You barely miss the steam dragon.
The steam dragon is almost dead.
The worker ant closely misses you.
The steam dragon bites you but does no damage.
You block the steam dragon's attack.
You hit the steam dragon but do no damage.
The steam dragon is almost dead.
You block the worker ant's attack.
You closely miss the steam dragon.
The steam dragon is almost dead.
The worker ant barely misses you. You block the steam dragon's attack.
The steam dragon barely misses you.
The worker ant bites you but does no damage.
You closely miss the steam dragon.
The steam dragon is almost dead.
The steam dragon barely misses you. The steam dragon claws you.
You die...

# # # #. .#.. #D
... .###.#
##...####
#Da!.....
######@#§# ###
#......#§## ..
#.#####..§# #.
#...# #. #...#
#####. ##.##
#..... #.#
#.###.
#.#########.###.
#........÷...##.


You could see a steam dragon and a worker ant.

Vanquished Creatures
  Menkaure (D:6)
  An ice beast (D:7)
  2 ogres
  2 sky beasts (D:7)
  3 centaurs
  An elf zombie (Ossuary)
  Blork the orc (D:4)
  A bullfrog (D:7)
  A scorpion (D:4)
  A howler monkey (D:6)
  A crimson imp (D:7)
  4 hounds
  2 bullfrog skeletons (D:4)
  A centaur skeleton (D:6)
  An orc priest (D:5)
  A jelly (D:6)
  Ijyb (D:5)
  3 iguanas
  3 orc wizards
  4 worker ants
  4 big kobold zombies (Ossuary)
  2 mummies (Ossuary)
  Robin (D:2)
  7 gnolls
  10 adders
  A shadow imp (D:6)
  2 oozes (D:4)
  An adder zombie (D:6)
  2 adder skeletons
  3 worms
  2 dart slugs
  2 leopard geckos
  9 orcs
  2 ball pythons (D:2)
  11 bats
  5 giant cockroaches
  13 goblins
  13 hobgoblins
  5 jackals
  3 quokkas
  5 frilled lizards
  A giant cockroach zombie (D:6)
  A goblin zombie (Ossuary)
  10 hobgoblin zombies (Ossuary)
  6 kobolds
  10 kobold zombies (Ossuary)
  A leopard gecko skeleton (D:4)
  9 orc zombies (Ossuary)
  4 rats
  A rat zombie (Ossuary)
181 creatures vanquished.

Notes
Turn   | Place    | Note
-------+----------+-------------------------------------------
     0 | D:1      | Elellon the Gargoyle Fighter began the quest for the Orb.
     0 | D:1      | Reached XP level 1. HP: 14/14 MP: 1/1
   308 | D:1      | Reached XP level 2. HP: 17/19 MP: 2/2
   427 | D:1      | Reached skill level 3 in Maces & Flails
  1097 | D:2      | Reached XP level 3. HP: 22/23 MP: 3/3
  1305 | D:2      | Reached skill level 4 in Maces & Flails
  1518 | D:2      | Reached XP level 4. HP: 28/28 MP: 4/4
  2076 | D:2      | Noticed Robin
  2134 | D:2      | Killed Robin
  2546 | D:3      | Reached skill level 5 in Maces & Flails
  2546 | D:3      | Reached XP level 5. HP: 26/32 MP: 5/5
  2759 | D:3      | Noticed a centaur
  2771 | D:3      | Killed a centaur
  2771 | D:3      | Reached skill level 6 in Maces & Flails
  3071 | D:3      | Reached XP level 6. HP: 37/37 MP: 6/6
  3865 | D:4      | Reached skill level 7 in Maces & Flails
  3924 | D:4      | Reached XP level 7. HP: 38/41 MP: 4/7
  4221 | D:4      | Reached skill level 8 in Maces & Flails
  4628 | D:4      | Noticed Blork the orc
  4639 | D:4      | Killed Blork the orc
  4822 | D:5      | Entered Level 5 of the Dungeon
  4891 | D:5      | Reached skill level 9 in Maces & Flails
  4891 | D:5      | Reached XP level 8. HP: 46/46 MP: 8/8
  5251 | D:5      | Noticed Ijyb
  5262 | D:5      | Killed Ijyb
  6197 | D:6      | Found a stormy altar of Qazlal.
  6325 | D:6      | Got a warped leather armour
  6343 | D:6      | Noticed Menkaure
  6357 | D:6      | Killed Menkaure
  6357 | D:6      | Reached skill level 10 in Maces & Flails
  7121 | D:7      | Found Quzxuomi's General Store.
  7124 | D:7      | Bought a scroll of magic mapping for 45 gold pieces
  7124 | D:7      | Bought a scroll of identify for 26 gold pieces
  7124 | D:7      | Bought a potion of heal wounds for 65 gold pieces
  7264 | D:7      | Found a sand-covered staircase.
  7281 | Ossuary  | Entered an ossuary
  7578 | Ossuary  | Reached skill level 11 in Maces & Flails
  7670 | D:7      | Found a radiant altar of Vehumet.
  7710 | D:7      | Reached XP level 9. HP: 45/51 MP: 7/9
  7833 | D:7      | Noticed Prince Ribbit
  8016 | D:7      | HP: 1/51 [steam dragon/ball of steam (15)]
  8022 | D:7      | Slain by a steam dragon

Levels and vault maps discovered:
D:1:      lightli_arrival_farm, layout_basic
D:2:      layout_basic, kennysheep_generic_room_9, uniq_robin
D:3:      layout_loops_cross
D:4:      layout_layer_cave, uniq_blork_the_orc
D:5:      layout_basic, first_ration, moated_statue, uniq_ijyb
D:6:      layout_cave_pools, basic_altar, uniq_menkaure
D:7:      layout_loops_ring, minmay_temple_entry_trees, serial_shops,
          nicolae_shop_window_shopping, chequers_ossuary_entry_cave,
          basic_altar, uniq_prince_ribbit1

Skill      XL: |  1  2  3  4  5  6  7  8 |
---------------+-------------------------+-----
Maces & Flails | 3 4 5 6 7 9 11 | 11.9
Fighting       | |  3.2
Armour         | |  3.2
Shields        | |  3.2

Action                   |  1- 3 |  4- 6 |  7- 9 || total
-------------------------+-------+-------+-------++-------
Melee: Flail             |   159 |   285 |   521 ||   965
  Use: Scroll            |       |       |     5 ||     5
  Eat: Chunk             |     2 |     8 |    14 ||    24
Armor: Scale mail        |    86 |   206 |   226 ||   518
Dodge: Dodged            |    55 |   102 |   185 ||   342
Block: Shield            |    83 |   169 |   216 ||   468
